[Event "Team 45 45 League T46"]
[Site "Internet Chess Club"]
[Date "2010.09.25"]
[Round "8"]
[White "martineden"]
[Black "spunni"]
[Result "0-1"]
[WhiteElo "1856"]
[BlackElo "1813"]
[Opening "QGA: 3.e4"]
[ECO "D20"]
[Time "10:10:55"]
[TimeControl "2700+45"]

1. d4 d5 2. c4 dxc4 3. e4 e5 4. Nf3 exd4 5. Bxc4 Nc6 6. O-O Be6 7. Bb5 Bc5 8.
Nbd2 Ne7 9. Ng5 Qd7 10. Nxe6 Qxe6 11. Nb3 Bb6 12. Qe2 O-O-O 13. a4 Qxb3 14. Bc4
d3 15. Bxb3 dxe2 16. Re1 Nd4 17. Bxf7 Nc2 18. a5 Rd1 19. Bd2 Nxa1 20. axb6 axb6
21. Bc3 Nc2 22. f4 Nxe1 23. Kf2 Nc2 24. Kxe2 Rd6 25. Bxg7 Rhd8 26. Bc3 Ng6 27.
f5 Nd4+ 28. Kf2 Ne5 29. Bh5 Ndc6 30. g4 Rd3 31. g5 Rh3 32. Be2 Rxh2+ 33. Ke3 Rg2
{White resigns} 0-1

[Event "Team 45 45 League T46"]
[Site "Internet Chess Club"]
[Date "2010.09.27"]
[Round "8"]
[White "bogolijubov"]
[Black "Atlantis"]
[Result "1/2-1/2"]
[WhiteElo "1743"]
[BlackElo "1883"]
[Opening "Sicilian: modern Scheveningen, main line"]
[ECO "B45"]
[Time "14:14:46"]
[TimeControl "2700+45"]

1. e4 c5 2. Nf3 e6 3. d4 cxd4 4. Nxd4 Nc6 5. Nc3 Nf6 6. Be3 d6 7. Be2 Be7 8. O-O
O-O 9. f4 a6 10. a4 Qc7 11. Kh1 Nxd4 12. Qxd4 Bd7 13. a5 Bc6 14. Bf3 Nd7 15. Qd2
Rac8 16. Rg1 f5 17. exf5 Bxf3 18. fxe6 Bc6 19. exd7 Qxd7 20. Nd5 Rce8 21. Rge1
Bd8 22. Bb6 Bh4 23. Re3 Rxe3 24. Bxe3 Qf5 25. c4 Qe4 26. b3 Bxd5 27. Qxd5+ Qxd5
28. cxd5 Re8 29. Bg1 Re1 30. Rxe1 Bxe1 31. Bb6 Kf7 32. Bc7 Bb4 33. Kg1 Kf6 34.
g4 g6 35. Kf2 h6 36. Ke3 h5 37. h3 Ke7 38. Ke4 Kf6 39. Bd8+ Kf7 40. f5 hxg4 41.
hxg4 Bc3 42. Bc7 Bb4 43. fxg6+ Kxg6 44. Bd8 Bd2 {Game drawn by mutual agreement}
1/2-1/2

[Event "Team 45 45 League T46"]
[Site "Internet Chess Club"]
[Date "2010.09.23"]
[Round "8"]
[White "Terte"]
[Black "Ptzz"]
[Result "0-1"]
[WhiteElo "2030"]
[BlackElo "2092"]
[Opening "Caro-Kann: advance variation"]
[ECO "B12"]
[Time "12:00:07"]
[TimeControl "2700+45"]

1. e4 c6 2. d4 d5 3. e5 c5 4. c3 Nc6 5. Be3 Nh6 6. Nd2 Nf5 7. Ngf3 Nxe3 8. fxe3
Bg4 9. Bd3 e6 10. O-O Be7 11. Qe1 Bh5 12. Qg3 Bg6 13. Bxg6 hxg6 14. Rf2 Qb6 15.
Raf1 Rh5 16. e4 cxd4 17. exd5 exd5 18. e6 O-O-O 19. exf7 Bf6 20. Qxg6 Rhh8 21.
Qg4+ Kb8 22. Nb3 dxc3 23. bxc3 Qc7 24. Ng5 Qxh2# {White checkmated} 0-1

[Event "Team 45 45 League T46"]
[Site "Internet Chess Club"]
[Date "2010.09.26"]
[Round "8"]
[White "Jack-ONeill"]
[Black "BadHabitMarco"]
[Result "0-1"]
[WhiteElo "2043"]
[BlackElo "2025"]
[Opening "Trompowsky attack (Ruth, Opocenský opening)"]
[ECO "A45"]
[Time "12:00:15"]
[TimeControl "2700+45"]

1. d4 Nf6 2. Bg5 e6 3. Nd2 c5 4. c3 Qb6 5. Nc4 Qc7 6. e3 b5 7. Bxf6 gxf6 8. Qf3
bxc4 9. Qxa8 Nc6 10. Bxc4 Ke7 11. d5 exd5 12. Bxd5 Bb7 13. Qxb7 Qxb7 14. O-O-O
Bg7 15. Ne2 Rb8 16. Rd2 Qb5 17. Bxc6 Qxc6 18. Nf4 Ke8 19. Rhd1 Rb7 20. g3 f5 21.
Nd5 a5 22. h4 a4 23. a3 Qb5 24. Kb1 Qc4 25. Ka1 h5 26. Rc1 Be5 27. Rcd1 Rb3 28.
Rc1 Kf8 29. Kb1 Qe4+ 30. Ka1 Rb5 31. Rcd1 Kg7 32. Ka2 Qc4+ 33. Ka1 Rb3 34. Rc1
Qb5 35. Rcd1 Qb7 36. Rc1 Rb5 37. Rcd1 Ra5 38. Kb1 Rb5 39. Ka1 c4 40. Nb4 Rxb4
41. axb4 a3 42. Rd5 axb2+ 43. Kb1 Bxc3 {White resigns} 0-1

[Event "Team 45 45 League T46"]
[Site "Internet Chess Club"]
[Date "2010.09.27"]
[Round "8"]
[White "poni"]
[Black "Zumbi"]
[Result "0-1"]
[WhiteElo "1965"]
[BlackElo "2026"]
[Opening "Réti: King's Indian attack, Keres variation"]
[ECO "A07"]
[Time "09:10:06"]
[TimeControl "2700+45"]

1. Nf3 d5 2. g3 Bg4 3. Bg2 Nd7 4. d3 e6 5. Nbd2 Bd6 6. O-O Ne7 7. e4 c6 8. Qe1
O-O 9. e5 Bc7 10. c3 c5 11. d4 Nc6 12. Nb3 cxd4 13. cxd4 f6 14. exf6 Qxf6 15.
Bg5 Qf5 16. Nbd2 h6 17. Be3 Qh5 18. Qd1 Rf5 19. h3 Bxh3 20. Bxh3 Qxh3 21. Nh4
Rf7 22. Ndf3 Raf8 23. Nh2 Nf6 24. Qe2 Ne4 25. Qg4 Qxg4 26. Nxg4 h5 27. Nh2 Kh7
28. Kg2 Nb4 29. Rad1 Nc2 30. N4f3 Nxe3+ 31. fxe3 Bxg3 32. Rc1 Bxh2 33. Nxh2 Rf2+
34. Kg1 Rxf1+ 35. Rxf1 Rxf1+ 36. Kxf1 g5 37. Ke2 Kg6 38. Kf3 Kf5 39. Nf1 g4+ 40.
Kg2 h4 41. Nh2 h3+ 42. Kf1 g3 43. Nf3 g2+ 44. Kg1 Kg4 45. Nh2+ Kg3 46. a4 Nd2
47. b4 Nf3+ 48. Nxf3 Kxf3 49. b5 h2+ 50. Kxh2 Kf2 51. a5 g1=Q+ 52. Kh3 Qg3#
{White checkmated} 0-1

[Event "Team 45 45 League T46"]
[Site "Internet Chess Club"]
[Date "2010.09.26"]
[Round "8"]
[White "Guoruey"]
[Black "koni"]
[Result "1/2-1/2"]
[WhiteElo "1887"]
[BlackElo "1874"]
[Opening "Pirc defense"]
[ECO "B07"]
[Time "14:04:58"]
[TimeControl "2700+45"]

1. e4 d6 2. d4 Nf6 3. Bd3 e5 4. Nf3 exd4 5. Nxd4 g6 6. Nc3 Bg7 7. Bg5 h6 8. Bh4
Nc6 9. Nxc6 bxc6 10. O-O g5 11. Bg3 Ng4 12. Qd2 h5 13. f4 h4 14. Be1 Bd4+ 15.
Kh1 Be3 16. Qe2 Bxf4 17. h3 Ne5 18. Bd2 Ng6 19. e5 O-O 20. Bxf4 Nxf4 21. Rxf4
gxf4 22. Qh5 f5 23. Qg6+ {Game drawn by mutual agreement} 1/2-1/2

[Event "Team 45 45 League T46"]
[Site "Internet Chess Club"]
[Date "2010.09.26"]
[Round "8"]
[White "vaknight"]
[Black "mitus"]
[Result "0-1"]
[WhiteElo "1724"]
[BlackElo "1747"]
[Opening "Bird's opening"]
[ECO "A02"]
[Time "16:00:19"]
[TimeControl "2700+45"]

1. f4 Nc6 2. Nf3 d5 3. e3 Bg4 4. Be2 Bxf3 5. Bxf3 e5 6. fxe5 Nxe5 7. O-O Nf6 8.
d3 Bd6 9. Nd2 Qd7 10. h3 O-O-O 11. Be2 Qe7 12. Nf3 Nxf3+ 13. Bxf3 Qe5 14. Kf2
Rhe8 15. Qd2 Qg3+ 16. Ke2 Bf4 17. Qe1 Qg5 18. e4 dxe4 19. Bxe4 Nxe4 20. Bxf4
Qxg2+ 21. Kd1 Nc3+ {White resigns} 0-1

[Event "Team 45 45 League T46"]
[Site "Internet Chess Club"]
[Date "2010.09.24"]
[Round "8"]
[White "PostMike"]
[Black "loserloser"]
[Result "0-1"]
[WhiteElo "1496"]
[BlackElo "1748"]
[Opening "Sicilian: Labourdonnais-Löwenthal (Kalashnikov) variation"]
[ECO "B32"]
[Time "13:00:53"]
[TimeControl "2700+45"]

1. e4 c5 2. Nf3 Nc6 3. d4 cxd4 4. Nxd4 e5 5. Nb5 d6 6. N1c3 a6 7. Na3 b5 8. Nd5
Nf6 9. Bg5 Be7 10. Nxf6+ Bxf6 11. Bxf6 Qxf6 12. c3 O-O 13. Be2 Be6 14. Qxd6 Rac8
15. Qd2 Qg6 16. Bf3 f5 17. Qe2 b4 18. cxb4 Nd4 19. Qe3 Bc4 20. b3 Bb5 21. Rc1
Nxf3+ 22. gxf3 Qg2 23. Rxc8 Qxh1+ 24. Kd2 Rxc8 {White resigns} 0-1

[Event "Team 45 45 League T46"]
[Site "Internet Chess Club"]
[Date "2010.09.24"]
[Round "8"]
[White "UsuallySleepy"]
[Black "clarinetref"]
[Result "1-0"]
[WhiteElo "1825"]
[BlackElo "1655"]
[Opening "Petrov: Nimzovich attack"]
[ECO "C42"]
[Time "22:06:08"]
[TimeControl "2700+45"]

1. e4 e5 2. Nf3 Nf6 3. Nxe5 d6 4. Nf3 Nxe4 5. Nc3 Nxc3 6. dxc3 Be7 7. Be3 O-O 8.
Qd2 Nc6 9. O-O-O Bf5 10. h4 Ne5 11. Nd4 Qc8 12. Bg5 f6 13. Nxf5 Qxf5 14. Be3 c6
15. f4 Ng4 16. Bd3 Qd7 17. Bd4 c5 18. Bxc5 f5 19. Bxd6 Qxd6 20. Bc4+ Kh8 21.
Qxd6 Bxd6 22. Rxd6 Ne3 23. Bd5 Rab8 24. Bf3 b6 25. Re1 Rfe8 26. Rd3 Nc4 27.
Rxe8+ Rxe8 28. b3 Ne3 29. Rd7 Nf1 30. Rxa7 h6 31. Ra8 Rxa8 32. Bxa8 g5 33. hxg5
hxg5 34. fxg5 Kg7 35. a4 Kg6 36. c4 Ng3 37. c5 bxc5 38. Bf3 f4 39. a5 {Black
resigns} 1-0

[Event "Team 45 45 League T46"]
[Site "Internet Chess Club"]
[Date "2010.09.23"]
[Round "8"]
[White "tryanything"]
[Black "Muravey"]
[Result "1-0"]
[WhiteElo "1535"]
[BlackElo "1513"]
[Opening "QGD: Tarrasch defense"]
[ECO "D32"]
[Time "18:00:08"]
[TimeControl "2700+45"]

1. d4 d5 2. c4 e6 3. Nc3 c5 4. Nf3 Nc6 5. e3 Nf6 6. cxd5 exd5 7. Be2 Be7 8. dxc5
Bxc5 9. O-O O-O 10. a3 Bf5 11. b4 Bd6 12. Bb2 Bc7 13. Nb5 Rc8 14. Nxc7 Rxc7 15.
Nd4 Nxd4 16. Bxd4 Ne4 17. Bxa7 Nc3 18. Qe1 Nxe2+ 19. Qxe2 Rc3 20. Rfd1 Qa8 21.
Rxd5 Rfc8 22. Bc5 Rxa3 23. Rad1 Be4 24. Rd6 Ra2 25. Qxa2 {Black resigns} 1-0

[Event "Team 45 45 League T46"]
[Site "Internet Chess Club"]
[Date "2010.09.26"]
[Round "8"]
[White "az2112"]
[Black "kidviper"]
[Result "0-1"]
[WhiteElo "1708"]
[BlackElo "1910"]
[Opening "King's Indian: Sämisch, 5...O-O"]
[ECO "E81"]
[Time "12:12:22"]
[TimeControl "2700+45"]

1. d4 Nf6 2. c4 g6 3. Nc3 Bg7 4. e4 d6 5. f3 O-O 6. Be3 c6 7. Qd2 Nbd7 8. g4 e5
9. d5 c5 10. h4 Nb6 11. h5 Qe7 12. hxg6 fxg6 13. Bh6 Qf7 14. O-O-O Ne8 15. Bxg7
Nxg7 16. Qh6 Qf4+ 17. Rd2 Qxh6 18. Rxh6 Bxg4 19. Nh3 {White resigns} 0-1

[Event "Team 45 45 League T46"]
[Site "Internet Chess Club"]
[Date "2010.09.26"]
[Round "8"]
[White "noblitz-oblige"]
[Black "daniguti"]
[Result "0-1"]
[WhiteElo "1630"]
[BlackElo "1593"]
[Opening "Alekhine's defense: Scandinavian variation"]
[ECO "B02"]
[Time "13:23:29"]
[TimeControl "2700+45"]

1. e4 Nf6 2. Nc3 d5 3. exd5 Nxd5 4. Nxd5 Qxd5 5. Nf3 Bg4 6. Be2 g6 7. O-O Bg7 8.
c3 O-O 9. d4 c6 10. Re1 Qd6 11. Bg5 Nd7 12. Qb3 a6 13. Nd2 Bxe2 14. Rxe2 e6 15.
Rae1 Qd5 16. Qxb7 Rab8 17. Qc7 Qxg5 18. Qxd7 Rxb2 19. Nb3 Rxe2 20. Rxe2 Rb8 21.
Re1 Qb5 22. Qd6 Bf8 23. Qf4 Rd8 24. Rb1 Qd3 25. Qc1 Ba3 26. Qe1 Qc2 27. Nc5 Bxc5
28. dxc5 Qxa2 29. g3 Qd2 30. Qe5 a5 31. Qc7 a4 32. Ra1 a3 33. Rxa3 Qe1+ 34. Kg2
Qe4+ 35. Kh3 Rd5 36. g4 Rd3+ 37. Kh4 g5+ 38. Kxg5 Qg6+ 39. Kf4 Qf6+ 40. Ke4 Qf3+
41. Ke5 Rd5# {White checkmated} 0-1

[Event "Team 45 45 League T46"]
[Site "Internet Chess Club"]
[Date "2010.09.27"]
[Round "8"]
[White "JABalin"]
[Black "Bible-Believer"]
[Result "1-0"]
[WhiteElo "1819"]
[BlackElo "1506"]
[Opening "Caro-Kann: advance variation"]
[ECO "B12"]
[Time "20:00:11"]
[TimeControl "2700+45"]

1. e4 c6 2. d4 d5 3. e5 Bf5 4. h4 e6 5. g4 Be4 6. f3 Bb4+ 7. Nc3 Qa5 8. Bd2 Bxc2
9. Qxc2 c5 10. Qa4+ Nc6 11. Qxa5 Bxa5 12. Nb5 Bxd2+ 13. Kxd2 Kd7 14. Nd6 cxd4
15. Nxf7 {Black resigns} 1-0

[Event "Team 45 45 League T46"]
[Site "Internet Chess Club"]
[Date "2010.09.28"]
[Round "8"]
[White "kidcobra"]
[Black "P-K4"]
[Result "1/2-1/2"]
[WhiteElo "1636"]
[BlackElo "1431"]
[Opening "Sicilian: accelerated fianchetto, modern variation with Bc4"]
[ECO "B35"]
[Time "14:33:54"]
[TimeControl "2700+45"]

1. e4 c5 2. Nf3 g6 3. d4 cxd4 4. Nxd4 Nc6 5. Nc3 Bg7 6. Be3 Nf6 7. Bc4 O-O 8.
Qd2 Ng4 9. Nxc6 bxc6 10. O-O-O Nxe3 11. Qxe3 a5 12. h4 Rb8 13. Qg3 Qb6 14. Bb3
Bxc3 15. Qxc3 Qxf2 16. h5 Qf4+ 17. Kb1 Qxe4 18. hxg6 Qxg6 19. Rd3 Rb5 20. Rhh3
Rf5 21. a3 d6 22. Rhg3 Rg5 23. Rxg5 Qxg5 24. Rg3 Bg4 25. Qxc6 h5 26. Qd5 Qxd5
27. Bxd5 e6 28. Bf3 f5 29. Bc6 e5 30. Rd3 Rd8 31. c4 e4 32. Re3 f4 33. Re1 e3
34. g3 fxg3 35. Rxe3 h4 36. Ka1 Bd7 37. Bh1 Re8 38. Bd5+ Kg7 39. Rc3 Re1+ 40.
Ka2 Re2 41. Rc1 h3 42. Rg1 g2 43. Kb3 Rf2 44. Kc3 Rf1 45. Rxg2+ hxg2 46. Bxg2
Rg1 47. Be4 {Game drawn by mutual agreement} 1/2-1/2

[Event "Team 45 45 League T46"]
[Site "Internet Chess Club"]
[Date "2010.09.25"]
[Round "8"]
[White "MarkNY"]
[Black "JWB"]
[Result "1/2-1/2"]
[WhiteElo "1759"]
[BlackElo "1686"]
[Opening "Sicilian: wing gambit, Marshall variation"]
[ECO "B20"]
[Time "15:01:26"]
[TimeControl "2700+45"]

1. e4 c5 2. b4 cxb4 3. a3 e6 4. Nf3 d5 5. e5 a6 6. Be2 bxa3 7. O-O Nc6 8. Bxa3
Bxa3 9. Nxa3 Bd7 10. d4 Nge7 11. c4 O-O 12. Bd3 h6 13. Bc2 Nb4 14. Ne1 Nxc2 15.
Nexc2 Bc6 16. c5 f6 17. f4 fxe5 18. fxe5 Qd7 19. Ne3 Rxf1+ 20. Qxf1 Rf8 21. Qd3
Nf5 22. Rb1 Nxe3 23. Qxe3 Qf7 24. g3 Qf3 25. Re1 Qg4 26. Rf1 Rxf1+ 27. Kxf1 Qf5+
28. Kg2 Kf7 29. Qf4 Kg6 30. Kf3 Qd3+ 31. Qe3 Qf1+ 32. Qf2 Qd3+ 33. Qe3 Qf5+ 34.
Qf4 Qd3+ {Game drawn by mutual agreement} 1/2-1/2

[Event "Team 45 45 League T46"]
[Site "Internet Chess Club"]
[Date "2010.09.28"]
[Round "8"]
[White "BenjaminSisko"]
[Black "BotanicalKnight"]
[Result "0-1"]
[WhiteElo "1504"]
[BlackElo "1639"]
[Opening "Caro-Kann: exchange variation"]
[ECO "B13"]
[Time "19:22:35"]
[TimeControl "2700+45"]

1. e4 c6 2. d4 d5 3. exd5 cxd5 4. Bd3 Nc6 5. c3 Qc7 6. Ne2 Bg4 7. f3 Bd7 8. Bf4
e5 9. dxe5 Nxe5 10. Bc2 Bd6 11. Ba4 Bc6 12. O-O Ne7 13. Nd4 O-O 14. Nb5 Bxb5 15.
Bxb5 Qb6+ 16. Kh1 Qxb5 17. a4 Qxb2 18. Na3 a6 19. Qe1 N7g6 20. Rf2 Qb6 21. Be3
Qc7 22. Qd2 Bxa3 {White resigns} 0-1

[Event "Team 45 45 League T46"]
[Site "Internet Chess Club"]
[Date "2010.09.27"]
[Round "8"]
[White "vollmerj"]
[Black "rayngrant"]
[Result "1/2-1/2"]
[WhiteElo "1765"]
[BlackElo "1597"]
[Opening "French: Tarrasch, open, 4.ed ed"]
[ECO "C08"]
[Time "19:18:47"]
[TimeControl "2700+45"]

1. e4 e6 2. d4 d5 3. Nd2 c5 4. exd5 exd5 5. Bb5+ Bd7 6. Qe2+ Qe7 7. Bxd7+ Nxd7
8. dxc5 Qxe2+ 9. Nxe2 Bxc5 10. Nb3 Bb6 11. O-O Ngf6 12. Bg5 O-O 13. Rad1 Rac8
14. c3 Rfe8 15. Nf4 Re5 16. Bh4 Rce8 17. Bg3 h6 18. h3 Nh5 19. Nxh5 Rxh5 20.
Rfe1 Re6 21. Nc1 Nf6 22. Rxe6 fxe6 23. Kh2 Ne4 24. Nd3 Nxg3 25. Kxg3 Rf5 26. Re1
e5 27. f3 {Game drawn by mutual agreement} 1/2-1/2

[Event "Team 45 45 League T46"]
[Site "Internet Chess Club"]
[Date "2010.09.26"]
[Round "8"]
[White "FractalDante"]
[Black "crankn8tr"]
[Result "1-0"]
[WhiteElo "1500"]
[BlackElo "1463"]
[Opening "Sicilian: Labourdonnais-Löwenthal variation"]
[ECO "B32"]
[Time "11:01:22"]
[TimeControl "2700+45"]

1. e4 c5 2. Nf3 Nc6 3. d4 cxd4 4. Nxd4 e5 5. Nb5 Bc5 6. Nd6+ Ke7 7. Nxf7 Kxf7 8.
Qd5+ Ke8 9. Qxc5 d6 10. Qe3 Nf6 11. Bd3 Be6 12. Qg3 Qe7 13. Bg5 h6 14. Be3 Rf8
15. Nc3 Qf7 16. O-O Nh5 17. Qf3 Qxf3 18. gxf3 Rxf3 19. Be2 Rh3 20. Nb5 Ke7 21.
Nc7 Nf4 22. Bxf4 exf4 23. Nxe6 f3 24. Bc4 Kf6 25. Rad1 Ne5 26. Bd5 Ng4 27. Nf4
Rxh2 28. e5+ dxe5 29. Bxf3 Rh4 30. Ng2 {Black resigns} 1-0

[Event "Team 45 45 League T46"]
[Site "Internet Chess Club"]
[Date "2010.09.27"]
[Round "8"]
[White "Kallistos"]
[Black "SugarIslander"]
[Result "1-0"]
[WhiteElo "1715"]
[BlackElo "1671"]
[Opening "Caro-Kann: advance variation"]
[ECO "B12"]
[Time "14:13:58"]
[TimeControl "2700+45"]

1. e4 c6 2. d4 d5 3. e5 Bf5 4. f4 e6 5. Bd3 Bxd3 6. Qxd3 Nd7 7. f5 exf5 8. Qxf5
Qh4+ 9. Qf2 Qxf2+ 10. Kxf2 O-O-O 11. Nf3 h6 12. Re1 Be7 13. e6 fxe6 14. Rxe6 Bf6
15. c3 Ne7 16. Bf4 Rhe8 17. Nbd2 Ng6 18. Rxe8 Rxe8 19. Bg3 Bd8 20. Re1 Rxe1 21.
Nxe1 Bc7 22. Nd3 Bxg3+ 23. Kxg3 Nf6 24. Ne5 Ne7 25. a4 a5 26. Kf3 Kc7 27. g4 Nd7
28. Nxd7 Kxd7 29. h4 g6 30. Kf4 Ke6 31. Nf3 Kf6 32. g5+ hxg5+ 33. hxg5+ Ke6 34.
Ne5 Kd6 35. Nf7+ Kd7 36. Ke5 b6 37. Kf6 c5 38. Ne5+ Ke8 39. Nxg6 Nc6 40. Ne5
Nxe5 41. dxe5 d4 42. g6 Kf8 43. e6 d3 44. g7+ Kg8 45. e7 d2 46. e8=Q+ Kh7 47.
Qh8# {Black checkmated} 1-0

[Event "Team 45 45 League T46"]
[Site "Internet Chess Club"]
[Date "2010.09.26"]
[Round "8"]
[White "oldsj"]
[Black "Signalman"]
[Result "0-1"]
[WhiteElo "1628"]
[BlackElo "1590"]
[Opening "Philidor: Improved Hanham variation"]
[ECO "B07"]
[Time "13:02:57"]
[TimeControl "2700+45"]

1. e4 d6 2. d4 Nf6 3. Nc3 Nbd7 4. Nf3 e5 5. Bc4 Be7 6. O-O O-O 7. Re1 c6 8. a4
b6 9. d5 cxd5 10. Nxd5 Nxd5 11. Bxd5 Rb8 12. b4 Nf6 13. Bb3 Bb7 14. Qd3 a5 15.
c3 Rc8 16. Bg5 Nxe4 17. Bxe7 Qxe7 18. Rxe4 Bxe4 19. Qxe4 Rxc3 20. Bd5 Rfc8 21.
Re1 axb4 22. Qxb4 R8c5 23. Nd4 Rc1 24. Nf5 Rxe1+ 25. Qxe1 Qc7 26. Ne3 Rc1 27.
Nd1 Qc2 28. Bf3 e4 29. Be2 d5 30. g3 d4 31. Kg2 d3 32. Bf3 exf3+ 33. Kh3 Qc8+
34. g4 h5 35. Qd2 Qxg4# {White checkmated} 0-1

[Event "Team 45 45 League T46"]
[Site "Internet Chess Club"]
[Date "2010.09.27"]
[Round "8"]
[White "werty"]
[Black "Mark-SF"]
[Result "0-1"]
[WhiteElo "1532"]
[BlackElo "1760"]
[Opening "Queen's pawn game"]
[ECO "D04"]
[Time "14:31:08"]
[TimeControl "2700+45"]

1. d4 d5 2. Nf3 Nf6 3. e3 Bf5 4. c4 e6 5. Nc3 Be7 6. Qb3 Nc6 7. cxd5 Nb4 8. Bb5+
c6 9. dxc6 bxc6 10. Ba4 Nc2+ 11. Kd2 Nxa1 12. Bxc6+ Kf8 13. Qb7 Rb8 14. Qxa7 Rc8
15. Ne5 Ng4 16. Nxg4 Rxc6 17. Ne5 Rc7 18. Qa4 f6 19. Nd3 e5 20. d5 Rxc3 21. bxc3
Qxd5 22. Qa6 e4 {White resigns} 0-1

[Event "Team 45 45 League T46"]
[Site "Internet Chess Club"]
[Date "2010.09.25"]
[Round "8"]
[White "rom1"]
[Black "rahulr"]
[Result "1-0"]
[WhiteElo "1488"]
[BlackElo "1479"]
[Opening "King's Indian: 5.Nf3"]
[ECO "E90"]
[Time "15:00:20"]
[TimeControl "2700+45"]

1. d4 Nf6 2. c4 g6 3. Nc3 Bg7 4. e4 d6 5. Nf3 O-O 6. Bd3 Nc6 7. O-O Bg4 8. Be2
Nd7 9. Be3 e5 10. d5 Bxf3 11. Bxf3 Nd4 12. Bxd4 exd4 13. Ne2 Ne5 14. Nxd4 Nxc4
15. b3 Ne5 16. Rc1 Re8 17. Be2 Qh4 18. f3 Rac8 19. Nb5 c6 20. Nxd6 Nxf3+ 21.
Rxf3 Be5 22. g3 Qg5 23. Nxf7 Qe7 24. d6 Qd7 25. Bc4 Kg7 26. Nxe5 Rxe5 27. Rf7+
Qxf7 28. Bxf7 Kxf7 29. Qf3+ Ke6 30. Rd1 Rd8 31. Qg4+ Kf7 32. Rf1+ Kg7 33. Qf4
Ree8 34. Qf7+ Kh6 35. Qf4+ Kg7 36. Qf6+ Kh6 37. e5 a6 38. Rf4 Rxe5 39. Qxe5 g5
40. Qf6+ Kh5 41. Qxd8 gxf4 42. gxf4 c5 43. Qg5# {Black checkmated} 1-0

[Event "Team 45 45 League T46"]
[Site "Internet Chess Club"]
[Date "2010.09.25"]
[Round "8"]
[White "LeanSixSigma"]
[Black "MateIn42"]
[Result "1/2-1/2"]
[WhiteElo "1487"]
[BlackElo "1432"]
[Opening "King's Indian: 5.Nf3"]
[ECO "E90"]
[Time "21:00:08"]
[TimeControl "2700+45"]

1. d4 Nf6 2. c4 g6 3. Nc3 Bg7 4. e4 d6 5. Nf3 O-O 6. Bd3 Re8 7. h3 c5 8. Be3
cxd4 9. Nxd4 Nbd7 10. O-O Nc5 11. Bc2 b6 12. Rb1 Bb7 13. f3 e6 14. Ndb5 d5 15.
Bxc5 bxc5 16. exd5 exd5 17. cxd5 a6 18. Na3 Bxd5 19. Nxd5 Nxd5 20. Be4 Ne3 21.
Qxd8 Raxd8 22. Rfe1 Bd4 23. Kh1 f5 24. Bc6 Re7 25. Nc4 f4 26. Nxe3 Rxe3 27. Red1
Rb8 28. b3 Rb6 29. Bd5+ Kg7 30. Bc4 a5 31. Rd2 Rb7 32. Rc2 Rbe7 33. Kh2 Kh6 34.
Bd5 Re2 35. Rxe2 Rxe2 36. a4 Bf2 37. Bc4 Bg3+ 38. Kg1 Re1+ 39. Rxe1 Bxe1 40. Kf1
Bd2 41. Ke2 Be3 42. g3 g5 43. g4 Kg7 44. Kd3 Kf6 45. Ke4 h6 46. Kd5 Bd2 47. Kxc5
Ke5 48. Kc6 Bb4 49. Kd7 Kd4 50. Ke6 Ke3 51. Kf5 Kxf3 52. Kg6 Kg2 53. Kxh6 Kxh3
54. Kxg5 f3 55. Bf1+ Kg3 56. Kh5 Kf2 57. Bh3 Bc3 58. g5 Kg1 59. g6 f2 60. b4
axb4 61. a5 b3 62. a6 b2 63. a7 b1=Q 64. a8=Q Qb5+ 65. Kh6 Bd2+ 66. Kg7 Qe5+ 67.
Kf7 Qf4+ 68. Kg8 Qc4+ 69. Kf8 f1=Q+ 70. Bxf1 Qxf1+ 71. Kg8 Qc4+ 72. Kh7 Qh4+ 73.
Kg8 Qc4+ 74. Kh7 Qc7+ 75. Kg8 Bc3 76. Qf8 Qc4+ 77. Qf7 Qc8+ 78. Qf8 Qe6+ 79. Qf7
Qc8+ 80. Qf8 Qc7 81. g7 Qxg7+ 82. Qxg7+ Bxg7 {Game drawn because neither player
has mating material} 1/2-1/2

[Event "Team 45 45 League T46"]
[Site "Internet Chess Club"]
[Date "2010.09.23"]
[Round "8"]
[White "The-Capitalist"]
[Black "jjaillet2007"]
[Result "1-0"]
[WhiteElo "1458"]
[BlackElo "1245"]
[Opening "French: Marshall variation"]
[ECO "C10"]
[Time "21:40:00"]
[TimeControl "2700+45"]

1. e4 e6 2. d4 d5 3. Nc3 c5 4. exd5 exd5 5. Nf3 Nf6 6. Bg5 Be7 7. Bb5+ Bd7 8.
O-O Bxb5 9. Nxb5 a6 10. Nc3 O-O 11. dxc5 Bxc5 12. Qd3 d4 13. Ne4 Be7 14. Nxf6+
Bxf6 15. Bxf6 Qxf6 16. Qxd4 Qxd4 17. Nxd4 Nd7 18. Rfe1 Rfe8 19. Rad1 Rxe1+ 20.
Rxe1 Kf8 21. a3 Re8 22. Rxe8+ Kxe8 23. c4 Nc5 24. b4 Nd3 25. c5 Kd7 26. Kf1 a5
27. Ke2 Nf4+ 28. Kf3 Ne6 29. Nxe6 fxe6 30. bxa5 Kc6 31. Ke4 Kxc5 32. Ke5 Kb5 33.
Kxe6 Kxa5 34. f4 b5 35. f5 Ka4 36. Kf7 Kxa3 37. Kxg7 b4 38. f6 b3 39. f7 b2 40.
f8=Q+ Ka2 41. Qg8+ Ka1 42. Qxh7 b1=Q 43. Qxb1+ Kxb1 44. g4 Kc2 45. h4 Kd3 46. h5
Ke4 47. g5 Kf5 48. h6 Kxg5 49. h7 Kf4 50. h8=Q Ke4 51. Qf8 Kd4 52. Qe7 Kd5 53.
Kf6 Kd4 54. Qe5+ Kd3 55. Kf5 Kc4 56. Ke4 Kb4 57. Qd5 Kc3 58. Qd4+ Kb3 59. Kd3
Ka3 60. Kc2 Ka2 61. Qb2# {Black checkmated} 1-0

[Event "Team 45 45 League T46"]
[Site "Internet Chess Club"]
[Date "2010.09.27"]
[Round "8"]
[White "kabubi"]
[Black "bowwrestler"]
[Result "0-1"]
[WhiteElo "1175"]
[BlackElo "1223"]
[Opening "Scandinavian (center counter) defense"]
[ECO "B01"]
[Time "09:18:05"]
[TimeControl "2700+45"]

1. e4 d5 2. d3 dxe4 3. dxe4 Qxd1+ 4. Kxd1 Nc6 5. Nc3 Nf6 6. g3 b6 7. Bg2 Bb7 8.
Nb5 O-O-O+ 9. Bd2 e5 10. Ke1 Bc5 11. Rd1 Nd4 12. Nxa7+ Kb8 13. c3 Nc2+ 14. Ke2
Kxa7 15. Rc1 Nxe4 16. Bxe4 Bxe4 17. f3 Bg6 18. b4 Bd6 19. Nh3 Na3 20. Ng5 Nc4
21. h4 Nxd2 22. Kxd2 Bxb4+ {White resigns} 0-1

[Event "Team 45 45 League T46"]
[Site "Internet Chess Club"]
[Date "2010.09.27"]
[Round "8"]
[White "KidRattler"]
[Black "Mclintock45"]
[Result "1-0"]
[WhiteElo "1118"]
[BlackElo "1085"]
[Opening "Three knights game"]
[ECO "C46"]
[Time "09:55:22"]
[TimeControl "2700+45"]

1. e4 e5 2. Nf3 Nc6 3. Nc3 Bc5 4. d3 Nf6 5. Ng5 Qe7 6. Nxf7 Qxf7 7. f3 d6 8. Be2
Be6 9. Bg5 Nd7 10. Nb5 O-O 11. Nxc7 Rac8 12. Nxe6 Qxe6 13. Bd2 Qg6 14. g4 Nd4
15. Rf1 Qh6 16. Bxh6 gxh6 17. c3 Ne6 18. Qd2 Nf4 19. d4 exd4 20. cxd4 Bb6 21. d5
Ng2+ 22. Kd1 Ne3+ 23. Ke1 Nxf1 24. Kxf1 Ne5 25. Kg2 Rf7 26. Qxh6 Rc2 27. Kf1
Rxb2 28. Qc1 Rb4 29. Kg2 Bd8 30. Rb1 Ra4 31. Qd2 Rg7 32. h3 Bg5 33. f4 Nc4 34.
Bxc4 Rxc4 35. fxg5 Rxe4 36. Rf1 Rg6 37. Qc2 Rb4 38. Qc8+ Kg7 39. Qd7+ Kg8 40.
Qf7+ Kh8 41. Re1 Rg7 42. Re8+ Rg8 43. Rxg8# {Black checkmated} 1-0

[Event "Team 45 45 League T46"]
[Site "Internet Chess Club"]
[Date "2010.09.24"]
[Round "8"]
[White "NFork"]
[Black "easycure"]
[Result "0-1"]
[WhiteElo "2339"]
[BlackElo "2354"]
[Opening "French: Tarrasch"]
[ECO "C03"]
[Time "12:00:17"]
[TimeControl "2700+45"]

1. e4 e6 2. d4 d5 3. Nd2 Be7 4. Ngf3 Nf6 5. Bd3 c5 6. dxc5 Nc6 7. O-O O-O 8.
exd5 Qxd5 9. Nb3 e5 10. Ng5 h6 11. Nh7 e4 12. Nxf6+ Bxf6 13. Be2 Qf5 14. c3 Rd8
15. Qc2 Qg6 16. Bf4 Ne5 17. Rad1 Nd3 18. Bxd3 exd3 19. Qd2 Be6 20. Bd6 b6 21.
Qf4 bxc5 22. Bxc5 a5 23. Nd2 Bxa2 24. Ne4 Bg5 25. Nxg5 hxg5 26. Qa4 Qe6 27. Ra1
Bb3 28. Qa3 d2 29. Bd4 a4 30. Qc5 Rd5 31. Qb4 Bc2 32. Qc4 Rc8 33. Qa2 Rcd8 34.
Rab1 Qe2 35. Qa1 Re8 36. g3 Qf3 {White resigns} 0-1